 Dungeon Crawl Stone Soup version 0.19.1-1-g22dce08 (webtiles) character file.

56 Alarkh the Caller (level 3, -9/24 HPs)
             Began as a Mummy Summoner on Jan 9, 2017.
             Mangled by Atlantean's ghost (16 damage)
             ... on level 3 of the Dungeon.
             The game lasted 00:03:17 (2635 turns).

Alarkh the Caller (Mummy Summoner)                  Turns: 2635, Time: 00:03:18

Health: -9/24      AC:  2    Str: 11    XL:     3   Next: 69%
Magic:  1/7        EV: 12    Int: 15    God:
Gold:   76         SH:  0    Dex: 12    Spells: 3 memorised, 1 level left

rFire  x . .     SeeInvis .     e - +0 mace
rCold  + . .     Gourm    .     a - +0 robe
rNeg   + + +     Faith    .     (no shield)
rPois  ∞         Spirit   .     (no helmet)
rElec  .         Reflect  .     (no cloak)
rCorr  .         Harm     .     (no gloves)
MR     .....                    (no boots)
Stlth  ++........               (no amulet)
                                (no ring)
                                h - ring of flight

@: no status effects
A: no food or potions, fire vulnerability, cold resistance 1, negative energy
resistance 3, torment resistance, unbreathing
a: Evoke Flight


You were on level 3 of the Dungeon.
You were not hungry.

You visited 1 branch of the dungeon, and saw 3 of its levels.

You collected 76 gold pieces.

Inventory:

Hand Weapons
 e - a +0 mace (weapon)
Armour
 a - a +0 robe (worn)
Jewellery
 h - a ring of flight (left hand)
Wands
 k - a wand of confusion (29/48)
Scrolls
 c - a scroll of identify {unknown}
 d - a scroll of enchant armour {unknown}
 f - a scroll of teleportation {unknown}
 g - a scroll of fog {unknown}
 i - a scroll of enchant weapon {unknown}
 j - 3 scrolls of remove curse {unknown}
Books
 b - a book of Callings

   Spells                             Type                      Level
   a - Summon Small Mammal            Summoning                    1
   b - Call Imp                       Summoning                    2
   c - Call Canine Familiar           Summoning                    3
   d - Summon Guardian Golem          Hexes/Summoning              3
   e - Summon Lightning Spire         Summoning/Air                4
   f - Summon Ice Beast               Ice/Summoning                4


   Skills:
 - Level 1.5 Dodging
 - Level 1.5 Stealth
 + Level 3.1 Spellcasting
 + Level 3.8 Summonings


You had one spell level left.
You knew the following spells:

 Your Spells              Type           Power        Failure   Level  Hunger
a - Call Canine Familiar  Summ           ##......     14%         3    N/A
b - Summon Small Mammal   Summ           ##..         4%          1    N/A
c - Summon Guardian Gole  Hex/Summ       #.......     30%         3    N/A

Dungeon Overview and Level Annotations

Branches:
Dungeon (3/15)

Altars:
Zin
The Shining One

Annotations:
D:1 1 exclusion
D:3 Atlantean's ghost, amateur GrFi


Innate Abilities, Weirdness & Mutations

You do not eat or drink.
Your flesh is vulnerable to fire.
You are immune to poison.
Your flesh is cold resistant. (rC+)
You are immune to negative energy. (rN+++)
You are immune to unholy pain and torment.
You can survive without breathing.


Message History

Your hound barely misses Atlantean's ghost.
Your hound bites Atlantean's ghost but does no damage.
Your hound bites Atlantean's ghost.
Your hound bites Atlantean's ghost but does no damage.
You see here 22 arrows.
Your hound barely misses Atlantean's ghost.
You see here a hunting sling.
Your hound bites Atlantean's ghost but does no damage.
Your hound bites Atlantean's ghost but does no damage.
Your hound barely misses Atlantean's ghost.
Your hound bites Atlantean's ghost.
Your hound bites Atlantean's ghost but does no damage.
Atlantean's ghost hits you!
* * * LOW HITPOINT WARNING * * *
Your hound disappears in a puff of smoke!
Casting: Call Canine Familiar
Confirm with . or Enter, or press ? or * to list all spells.
Atlantean's ghost hits you!
Ouch! That really hurt!
You die...

.##########################
..........................<
...............#######.####
...............#######.####
.........h@W..............>
.........####..........###.
##.....#.# #.......##.###.
#.....#.####.......##.)(..
#..........'.......######.
##.......###...))...#####.
≈#.....#.# #...)..........
≈......#.# #...!....###.#.
.#.....#.###........##..#.


You could see Atlantean's ghost and a friendly hound.

Vanquished Creatures
  An ooze (D:2)
  A hobgoblin (D:1)
  A quokka (D:2)
  A ball python (D:2)
  3 bats
  2 frilled lizards
  A kobold (D:2)
  3 rats
13 creatures vanquished.

Vanquished Creatures (collateral kills)
  An orc priest (D:3)
  An adder (D:2)
  A worm (D:2)
  A leopard gecko (D:1)
  2 orcs (D:3)
  5 goblins
  3 hobgoblins
  A quokka (D:2)
  A bat (D:1)
  A frilled lizard (D:1)
  2 kobolds (D:2)
  5 rats
24 creatures vanquished.

Grand Total: 37 creatures vanquished

Notes
Turn   | Place    | Note
-------+----------+-------------------------------------------
     0 | D:1      | Alarkh the Mummy Summoner began the quest for the Orb.
     0 | D:1      | Reached XP level 1. HP: 13/13 MP: 3/3
   443 | D:1      | Reached XP level 2. HP: 19/19 MP: 5/5
  2093 | D:2      | Reached XP level 3. HP: 10/24 MP: 0/7
  2161 | D:2      | Learned a level 3 spell: Call Canine Familiar
  2165 | D:2      | Learned a level 3 spell: Summon Guardian Golem
  2238 | D:2      | Found a faded altar of an unknown god.
  2358 | D:3      | Found a glowing silver altar of Zin.
  2600 | D:3      | Found a glowing golden altar of the Shining One.
  2605 | D:3      | Noticed Atlantean's ghost (amateur GrFi)
  2635 | D:3      | Mangled by Atlantean's ghost

Skill      XL: |  1  2  3 |
---------------+----------+-----
Spellcasting   | 3 |  3.1
Dodging        | |  1.5
Stealth        | |  1.5
Summonings     | |  3.8

Action                   || total
-------------------------++-------
Melee: Unarmed           ||    12
       Mace              ||    54
 Cast: Summon Small Mamm ||    55
       Call Canine Famil ||     6
 Stab: Sleeping          ||     2
Armor: Robe              ||    26
Dodge: Dodged            ||    75
